AoeStats
← TowersAreArmy

African Clearing

505826263Analyzed
4v4 RM · 20d ago on Sep 11, 2026· 69m 29s· 8 players
Game mode
Random Map
Map size
Large (8 player)
Population
200
Speed
Normal
Resources
Standard
Victory
Conquest
Starting age
Dark Age
Ending age
Imperial Age
RankedLock teamsTeams togetherTeam positionsShared explorationLock speedFull tech treeHidden civsTurbo modeCheats
Victory
Defeat
🇳🇱 Saracens · Netherlands
1510
+14
🇨🇦 Mongols · Canada
1490
+15
🇻🇳 Shu · Vietnam
1437
+17
🇨🇳 Persians · China
1394
+19
1485
-17
🇻🇳 Huns · Vietnam
1474
-17
🇻🇳 Koreans · Vietnam
1462
-16
🇻🇳 Spanish · Vietnam
1443
-15
TowersAreArmy
3:00 Loom
10:55 Feudal Age
11:55 Double-Bit Axe
14:52 Fletching
26:01 Castle Age
26:34 Town Watch
27:26 Bow Saw
26:57 Horse Collar
27:57 Wheelbarrow
27:27 Bodkin Arrow
26:55 Crossbowman
33:57 Stone Mining
34:18 Heavy Plow
39:55 Gold Mining
40:32 Ballistics
41:26 Hand Cart
45:26 Imperial Age
43:16 Padded Archer Armor
43:39 Thumb Ring
44:24 Leather Archer Armor
44:29 Husbandry
44:40 Bloodlines
45:33 Elite Mangudai
47:09 Conscription
46:59 Bracer
48:01 Chemistry
48:58 Parthian Tactics
47:56 Onager
49:57 Siege Onager
51:16 Drill
51:54 Siege Engineers
61:39 Forging
61:34 Scale Barding Armor
62:19 Masonry
62:46 Hoardings
61:46 Light Cavalry
62:27 Scale Mail Armor
63:03 Iron Casting
63:43 Hussar
65:24 Blast Furnace
64:45 Chain Barding Armor
43 Đoàn Quốc Hưng
9:13 Loom
11:47 Feudal Age
16:38 Fletching
20:44 Castle Age
20:13 Padded Archer Armor
20:28 Gold Mining
20:48 Crossbowman
26:07 Double-Bit Axe
28:05 Bodkin Arrow
30:53 Bow Saw
32:03 Stone Mining
32:43 Town Watch
34:46 Wheelbarrow
37:06 Hand Cart
41:06 Imperial Age
39:30 Leather Archer Armor
40:40 Gold Shaft Mining
40:16 Thumb Ring
41:19 Ballistics
41:16 Arbalester
41:57 Bracer
42:59 Chemistry
42:37 Conscription
42:41 Horse Collar
44:23 Ring Archer Armor
44:20 Heavy Plow
44:55 Bolt Magazine
44:38 Pikeman
45:19 Squires
45:20 Scale Mail Armor
46:35 Chain Mail Armor
46:48 Halberdier
49:45 Gambesons
50:31 Plate Mail Armor
51:03 Forging
58:42 Coinage
61:21 Elite Skirmisher
66:45 Guard Tower
66:41 Arrowslits
pac.Padawan NL
5:52 Loom
13:02 Feudal Age
14:53 Fletching
17:33 Town Watch
20:26 Double-Bit Axe
23:21 Horse Collar
23:40 Gold Mining
29:30 Castle Age
29:40 Crossbowman
30:18 Bodkin Arrow
32:30 Bow Saw
32:45 Ballistics
33:28 Wheelbarrow
34:42 Heavy Plow
36:23 Bimaristan
36:55 Hand Cart
37:02 Scale Barding Armor
39:26 Chain Barding Armor
42:37 Forging
48:26 Imperial Age
47:17 Iron Casting
48:32 Elite Mameluke
50:05 Plate Barding Armor
50:27 Conscription
52:18 Blast Furnace
52:36 Hoardings
58:28 Bracer
58:29 Padded Archer Armor
59:11 Elite Skirmisher
秦墨子
5:08 Loom
14:07 Feudal Age
18:06 Castle Age
16:03 Double-Bit Axe
16:00 Horse Collar
16:51 Gold Mining
19:07 Bow Saw
25:30 Wheelbarrow
24:46 Town Watch
25:41 Husbandry
28:20 Hand Cart
29:48 Gold Shaft Mining
31:01 Stone Mining
32:36 Heavy Plow
35:52 Imperial Age
34:50 Bloodlines
35:25 Forging
35:21 Scale Barding Armor
35:32 Cavalier
36:44 Conscription
36:25 Kamandaran
35:51 Capped Ram
36:42 Siege Ram
38:38 Iron Casting
38:24 Chain Barding Armor
44:22 Blast Furnace
43:57 Plate Barding Armor
43:38 Savar
43:38 Light Cavalry
43:39 Savar
47:01 Stone Shaft Mining
46:38 Onager
47:13 Hussar
53:49 Scale Mail Armor
53:41 Fletching
55:46 Chain Mail Armor
55:04 Pikeman
55:45 Squires
55:30 Arson
56:39 Halberdier
58:18 Plate Mail Armor
59:17 Gambesons
59:25 Elite Skirmisher
60:11 Thumb Ring
60:29 Bodkin Arrow
60:35 Padded Archer Armor
61:12 Elite War Elephant
64:04 Chemistry
63:25 Ballistics
66:38 Masonry
66:37 Crossbowman
aKetbuscugioi
14:38 Feudal Age
15:26 Double-Bit Axe
18:14 Castle Age
19:18 Wheelbarrow
19:17 Loom
20:25 Bow Saw
26:29 Gold Mining
27:47 Horse Collar
29:07 Gold Shaft Mining
31:08 Fletching
33:05 Ballistics
33:01 Husbandry
34:00 Bodkin Arrow
34:38 Hand Cart
34:08 Town Watch
34:26 Heavy Plow
34:19 Stone Mining
35:03 Masonry
34:36 Treadmill Crane
38:37 Imperial Age
38:32 Stone Shaft Mining
39:08 Eupseong
40:21 Chemistry
39:27 Siege Engineers
39:23 Bracer
39:49 Eupseong
39:32 Elite War Wagon
42:29 Heavy Rocket Cart
Duc dam tac thich bus cu
9:14 Loom
11:12 Feudal Age
16:13 Wheelbarrow
16:45 Double-Bit Axe
17:41 Horse Collar
22:37 Castle Age
20:48 Gold Mining
25:19 Hand Cart
27:44 Fletching
31:06 Bow Saw
30:57 Heavy Plow
32:01 Bodkin Arrow
32:27 Crossbowman
33:05 Stone Mining
33:46 Padded Archer Armor
35:15 Thumb Ring
39:39 Imperial Age
38:34 Leather Archer Armor
38:41 Ballistics
38:37 Scale Barding Armor
38:42 Forging
39:29 Bloodlines
39:20 Husbandry
39:43 Town Watch
40:58 Bracer
40:19 Arbalester
42:01 Chemistry
41:33 Ring Archer Armor
42:12 Elite Battle Elephant
44:12 Chain Barding Armor
44:57 Capped Ram
46:32 Iron Casting
46:33 Plate Barding Armor
48:41 Chatras
49:02 Paper Money
49:35 Scale Mail Armor
49:38 Squires
49:23 Arson
49:00 Pikeman
51:03 Chain Mail Armor
50:14 Elite Fire Lancer
52:40 Plate Mail Armor
RoadTo1100
11:29 Feudal Age
16:11 Castle Age
15:02 Loom
Vũ
9:51 Loom
12:00 Feudal Age
14:41 Fletching
27:59 Double-Bit Axe
34:09 Castle Age
32:32 Horse Collar
35:24 Bow Saw
44:24 Bloodlines
44:15 Husbandry
44:21 Gold Mining
46:18 Heavy Plow
46:54 Wheelbarrow
46:05 Town Watch
48:06 Gold Shaft Mining
47:21 Stone Mining
47:52 Scale Barding Armor
47:58 Forging
50:35 Imperial Age
48:22 Hand Cart
49:02 Chain Barding Armor
51:06 Iron Casting
52:06 Plate Barding Armor
50:52 Cavalier
52:47 Paladin
54:07 Murder Holes
55:13 Blast Furnace
54:09 Bodkin Arrow
54:56 Conscription
55:37 Ballistics
56:18 Chemistry
62:34 Light Cavalry
64:28 Hussar
Connection lost

Rejoining the realm…

Still unreachable

The connection could not be restored.

Session expired

The server has moved on; the page needs a fresh start.